 Dungeon Crawl Stone Soup version 0.30-b1-2-g02819fbbbe (webtiles) character file.

Game seed: 16598709547146893554

273 Alarkh the Insei (level 6, 0/44 HPs)
             Began as a Demonspawn Warper on May 25, 2023.
             Killed from afar by a gnoll (3 damage)
             ... with a puff of flame
             ... on level 4 of the Dungeon.
             The game lasted 00:03:39 (3921 turns).

Alarkh the Insei (Demonspawn Warper)                Turns: 3921, Time: 00:03:40

Health: 0/44       AC:  5    Str: 11 (12) XL:     6   Next: 3%
Magic:  9/9        EV: 11    Int: 15 (16) God:
Gold:   258        SH:  0    Dex: 11 (12) Spells: 9/9 levels left

rFire   . .          .
                       - Unarmed
rCold   . . .        (no shield)
rNeg    . . .        a - +0 leather armour
rPois   .            (no helmet)
rElec   .            i - +0 cloak
rCorr   .            (no gloves)
SInv    .            (no boots)
Will    .....        (no amulet)
Stlth   +            (no ring)
HPRegen 0.27/turn    (no ring)
MPRegen 0.11/turn

%: no passive effects
@: no status effects
A: powered by pain 1, sharp scales 1
a: no special abilities


You were on level 4 of the Dungeon.
You visited 1 branch of the dungeon, and saw 4 of its levels.

You collected 258 gold pieces.

Inventory:

Hand Weapons
 v - the +7 whip of Zocarghu {flame, +Blink Will+}
   (You found it on level 3 of the Dungeon)

   +Blink:    It lets you blink.
   Will:      It increases your willpower.
Missiles
 c - 7 boomerangs of dispersal (quivered)
 y - a throwing net
Armour
 a - a +0 leather armour (worn)
 i - a +0 cloak (worn)
Jewellery
 A - an amulet of guardian spirit
Scrolls
 b - a scroll of blinking
 d - a scroll of noise
 f - 2 scrolls of magic mapping
 h - a scroll of teleportation
 j - a scroll of summoning {unknown}
 k - a scroll of immolation {unknown}
 m - a scroll of poison {unknown}
 r - a scroll of identify
 t - a scroll of enchant weapon {unknown}
 x - a scroll of enchant armour {unknown}
 z - a scroll of amnesia {unknown}
Potions
 e - a potion of cancellation
 g - a potion of might
 l - a potion of ambrosia
 n - 2 potions of degeneration
 o - 2 potions of curing {unknown}
 p - a potion of mutation {unknown}
 q - a potion of brilliance {unknown}
 s - a potion of flight {unknown}
 u - a potion of magic {unknown}
 w - a potion of lignification


   Skills:
 - Level 2.0 Fighting
 - Level 0.8 Throwing
 - Level 0.8 Armour
 - Level 1.7 Dodging
 + Level 5.8 Unarmed Combat
 - Level 2.0 Spellcasting
 - Level 2.6 Translocations


You had 9 spell levels left.
You didn't know any spells.
Your spell library contained the following spells:

 Spells                   Type           Power      Damage    Failure   Level
 Blink                    Tloc           18%        N/A       14%         2
 Lesser Beckoning         Tloc           18%        N/A       14%         2
 Teleport Other           Tloc           9%         N/A       28%         3
 Cigotuvi's Dreadful Rot  Necr/Pois/Air  2%         N/A       41%         2
 Vhi's Electric Charge    Tloc/Air       10%        N/A       45%         3
 Ignite Poison            Fire/Tmut/Pois 1%         N/A       65%         3
 Manifold Assault         Tloc           9%         N/A       67%         4
 Freezing Cloud           Conj/Ice/Air   0%         6-21      100%        5


Dungeon Overview and Level Annotations

Branches:
Dungeon (4/15)
 Temple: D:4-7

Altars:


Innate Abilities, Weirdness & Mutations

You sometimes gain a little power by taking damage.
You are partially covered in razor-sharp scales. (AC +1, Slay +1)


Message History

You kill the gnoll!
No target in view!
No target in view!
No target in view!
No target in view!
No target in view!
No target in view!
You see here a +0 spear. 2 gnolls come into view.
A gnoll is wielding a +0 spear and carrying a wand of flame (16).
A gnoll is wielding a +0 vampiric spear.
The gnoll shouts! x2
The gnoll moves out of view. x2
A gnoll is nearby!
A gnoll is nearby!
You see here a +0 spear.
You hit the gnoll.
The gnoll is moderately wounded.
The gnoll barely misses you.
The gnoll hits you from afar with a +0 spear.
You hit the gnoll.
The gnoll is severely wounded.
The gnoll hits you with a +0 flail! The gnoll hits you but does no damage.
You hit the gnoll but do no damage. You punch the gnoll.
The gnoll is almost dead.
The gnoll hits you with a +0 flail. The gnoll closely misses you.
You hit the gnoll but do no damage.
The gnoll is almost dead.
The gnoll hits you with a +0 flail!
The gnoll hits you from afar with a +0 spear.
* * * LOW HITPOINT WARNING * * *
You hit the gnoll.
You kill the gnoll!
The gnoll hits you from afar with a +0 spear.
* * * LOW HITPOINT WARNING * * *
You have reached level 6!
The gnoll zaps a wand.
The puff of flame misses you.
The gnoll zaps a wand.
The puff of flame hits you!
* * * LOW HITPOINT WARNING * * *
The gnoll zaps a wand.
The puff of flame hits you.
You die...

..†..'.# #.##.#
.....#.# #.##.#
.....#.# #.##.#
.....#.# #.##.#
..g....# #.##.#
...#####.# #.##.#
..>......# #.##.#
##.######### #.##.#
#...)g.)..# #@##.#
#########.# #.##.# #.#
#.##.# #g# #.##.# #.#
#.##.# ## #.# #g##.#
.# #.#####g##.# .#
#..g.....#.#
.##################.##


You could see 2 gnolls.

Vanquished Creatures
  2 orc priests
  Jessica (D:2)
  6 gnolls (D:4)
  4 adders
  3 worms
  2 dart slugs
  6 orcs
  10 ball pythons
  6 bats
  9 endoplasms
  2 giant cockroaches
  5 goblins
  9 hobgoblins
  2 jackals (D:1)
  2 quokkas
  2 frilled lizards (D:2)
  A kobold (D:2)
  4 rats
76 creatures vanquished.

Vanquished Creatures (others)
  2 plants (D:1)
2 creatures vanquished.

Grand Total: 78 creatures vanquished

Notes
Turn   | Place    | Note
-------+----------+-------------------------------------------
     0 | D:1      | Alarkh the Demonspawn Warper began the quest for the Orb.
     0 | D:1      | Reached XP level 1. HP: 16/16 MP: 3/3
   266 | D:1      | Reached skill level 2 in Unarmed Combat
   634 | D:1      | Gained mutation: You are partially covered in razor-sharp
                  | scales. (AC +1, Slay +1) [demonic ancestry]
   634 | D:1      | Reached XP level 2. HP: 6/22 MP: 5/5
   894 | D:1      | Reached skill level 3 in Unarmed Combat
  1256 | D:1      | Reached XP level 3. HP: 23/27 MP: 6/6
  1492 | D:2      | Noticed Jessica
  1502 | D:2      | Killed Jessica
  1599 | D:2      | Reached XP level 4. HP: 30/33 MP: 7/7
  1607 | D:2      | Reached skill level 4 in Unarmed Combat
  2438 | D:3      | Gained mutation: You sometimes gain a little power by
                  | taking damage. [demonic ancestry]
  2438 | D:3      | Reached XP level 5. HP: 38/38 MP: 8/8
  3066 | D:3      | Identified the +7 whip of Zocarghu {flame, +Blink Will+}
  3243 | D:4      | Reached skill level 5 in Unarmed Combat
  3904 | D:4      | Reached XP level 6. HP: 8/44 MP: 9/9
  3921 | D:4      | Killed from afar by a gnoll

Illustrated notes

Levels and vault maps discovered:
D:1:      kilobyte_arrival_exit_the_forest, layout_loops_corners, serial_bayou,
          serial_bayou_ford_a, serial_bayou_lagoon_a, serial_bayou_pond_d,
          serial_bayou_pond_b
D:2:      layout_basic, minmay_diced_spiral, uniq_jessica
D:3:      layout_loops_corners, minmay_bisected
D:4:      layout_basic, uniq_pikel

Skill      XL: |  1  2  3  4  5 |
---------------+----------------+-----
Unarmed Combat | 2 3 4 5 |  5.8
Fighting       | |  2.0
Throwing       | |  0.8
Armour         | |  0.8
Dodging        | |  1.7
Spellcasting   | |  2.0
Translocations | |  2.6

Action                     |  1- 3 |  4- 6 || total
---------------------------+-------+-------++-------
  Melee: Unarmed           |   134 |   174 ||   308
         Punch             |       |     9 ||     9
    Use: Scroll            |       |     5 ||     5
         Potion            |       |     5 ||     5
 Armour: Leather armour    |    46 |    38 ||    84
         Skin              |       |     1 ||     1
  Dodge: Dodged            |    81 |    76 ||   157
